 Dungeon Crawl Stone Soup version 0.18.1-50-g88ac8fd (webtiles) character file.

1145 Gargoyl the Skirmisher (level 8, -4/62 HPs)
             Began as a Demonspawn Abyssal Knight on Oct 9, 2016.
             Was a Priest of Lugonu.
             Killed from afar by an electric eel (9 damage)
             ... with a bolt of electricity
             ... on level 6 of the Dungeon.
             The game lasted 00:13:29 (5987 turns).

Gargoyl the Skirmisher (Demonspawn Abyssal Knight)  Turns: 5987, Time: 00:13:31

Health: -4/62      AC: 16    Str: 14    XL:     8   Next: 15%
Magic:  11/11      EV:  7    Int: 13    God:    Lugonu [***...]
Gold:   274        SH:  0    Dex: 12    Spells: 0 memorised, 7 levels left

rFire  . . .     SeeInvis .     f - +0 glaive (freeze)
rCold  + . .     Gourm    .     n - +1 chain mail (curse)
rNeg   . . .     Faith    .     (shield currently unavailable)
rPois  .         Spirit   .     (helmet restricted)
rElec  .         Dismiss  .     (no cloak)
rCorr  .         Reflect  .     (no gloves)
SustAt .         Harm     .     (no boots)
MR     .....                    (no amulet)
Stlth  ..........               (no ring)
                                m - +4 ring of protection

@: not resistant to hostile enchantments, extremely unstealthy
A: horns 1, thin metallic scales 1, clumsy 1, cold resistance 1, foul stench 1,
nightstalker 1, screaming 1, rot immunity
a: Depart the Abyss, Bend Space, Banish, Renounce Religion


You were on level 6 of the Dungeon.
You worshipped Lugonu.
Lugonu was most pleased with you.
You were very hungry.

You visited 1 branch of the dungeon, and saw 7 of its levels.
You visited the Abyss 1 time.

You collected 274 gold pieces.

Inventory:

Hand Weapons
 a - a +1 hand axe
 f - a +0 glaive of freezing (weapon)
Missiles
 l - 4 tomahawks (quivered)
Armour
 n - a cursed +1 chain mail (worn)
Jewellery
 m - a +4 ring of protection (left hand)
Wands
 e - a wand of slowing (16/48)
Scrolls
 b - a scroll of amnesia
 d - a scroll of fog
 g - a scroll of enchant armour
 i - 2 scrolls of identify
 j - a scroll of teleportation
Potions
 o - a potion of ambrosia {unknown}
 q - 2 potions of flight
 s - a potion of lignification {unknown}
Books
 h - a book of Callings

   Spells                             Type                      Level
   a - Summon Small Mammal            Summoning                    1
   b - Call Imp                       Summoning                    2
   c - Call Canine Familiar           Summoning                    3
   d - Summon Guardian Golem          Hexes/Summoning              3
   e - Summon Lightning Spire         Summoning/Air                4
   f - Summon Ice Beast               Ice/Summoning                4
Comestibles
 c - a bread ration
 k - a slice of pizza
 p - 7 fruits
 r - a beef jerky


   Skills:
 + Level 5.1 Fighting
 + Level 1.9(3.4) Axes
 * Level 4.5(4.7) Polearms
 + Level 0.3 Throwing
 * Level 5.0 Armour
 + Level 2.6 Dodging
 * Level 5.0 Invocations


You had 7 spell levels left.
You didn't know any spells.

Dungeon Overview and Level Annotations

Branches:
Dungeon (7/15)             Temple (0/1) D:5

Altars:
Gozag
Kikubaaqudgha
Okawaru
Sif Muna
Vehumet

Annotations:
D:5 Sabitsuki's ghost, novice TrCK


Innate Abilities, Weirdness & Mutations

You have a pair of small horns on your head.
You are partially covered in thin metallic scales (AC +2).
You may emit foul miasma when damaged in melee.
You are slightly more attuned to the shadows.
You are immune to rotting.
You are clumsy. (Dex -2)
Your flesh is cold resistant.
You occasionally shout uncontrollably at your foes.


Message History

The electric eel is almost dead.
The electric eel shoots out a bolt of lightning at you!
The bolt of electricity hits you!
You closely miss the electric eel. Your headbutt misses the electric eel.
The electric eel is almost dead.
The electric eel shoots out a bolt of lightning at you!
The bolt of electricity misses you.
Your chain mail prevents you from hitting the electric eel.
The electric eel is almost dead.
The electric eel shoots out a bolt of lightning at you!
The bolt of electricity hits you!
* * * LOW HITPOINT WARNING * * *
Your chain mail prevents you from hitting the electric eel.
The electric eel is almost dead.
The electric eel shoots out a bolt of lightning at you!
The bolt of electricity hits you!
* * * LOW HITPOINT WARNING * * *
The electric eel shoots out a bolt of lightning at you!
The bolt of electricity hits you!
You die...

## #.#.#..# #.#..... ♣≈
♣###########.#.#...
P≈P♣♣........##.....[..
≈PP≈P≈.......#.#.#.###.
≈≈≈≈♣♣.#.###..###......
≈P≈≈≈≈.......## ##.###.
≈≈≈≈♣;.#..##..###.## #.
≈≈≈PP♣@...##.#.#...# #.
≈≈≈≈♣≈.......##..P.# ##
≈≈≈≈≈P#...#####.≈≈≈#
≈≈≈≈♣♣##.## #.♣.≈...
≈≈≈≈ #.# ...≈≈### ≈≈≈
.. ##..≈.# ≈≈ .. ......
##.. .#


You could see an electric eel.

Vanquished Creatures
  The ghost of Fiskpinne the Firebug, an amateur TeFE (D:4)
  A sky beast (D:5)
  An orc warrior (D:7)
  3 ogres
  A scorpion (D:4)
  A hound (D:4)
  A jelly (D:6)
  3 orc priests
  2 orc wizards (D:5)
  2 iguanas
  Terence (D:2)
  4 gnolls
  4 adders
  3 oozes
  4 worms
  2 dart slugs
  3 giant geckos
  11 orcs
  4 giant cockroaches
  5 goblins
  13 hobgoblins
  8 jackals
  6 kobolds
  A quokka (D:2)
  7 bats
  5 giant newts
  5 rats
102 creatures vanquished.

Vanquished Creatures (others)
  The ghost of Fiskpinne the Gusty, an amateur TeAE (D:3)
  4 orcs (D:3)
5 creatures vanquished.

Grand Total: 107 creatures vanquished

Notes
Turn   | Place    | Note
--------------------------------------------------------------
     0 | Abyss:1  | Gargoyl the Demonspawn Abyssal Knight began the quest for the Orb.
     0 | Abyss:1  | Reached XP level 1. HP: 18/18 MP: 2/2
    48 | Abyss:2  | Found a radiant altar of Vehumet.
    66 | Abyss:2  | Noticed an orange demon
    73 | D:1      | Escaped the Abyss
    82 | D:1      | Reached skill level 1 in Dodging
   165 | D:1      | Gained mutation: You have a pair of small horns on your head. [demonic ancestry]
   165 | D:1      | Reached XP level 2. HP: 24/24 MP: 3/3
   246 | D:1      | Reached * piety under Lugonu
   604 | D:1      | Gained mutation: You are immune to rotting. [demonic ancestry]
   604 | D:1      | Reached XP level 3. HP: 21/30 MP: 4/4
  1092 | D:2      | Reached skill level 1 in Polearms
  1349 | D:2      | Gained mutation: You may emit foul miasma when damaged in melee. [demonic ancestry]
  1349 | D:2      | Reached XP level 4. HP: 22/37 MP: 6/6
  1352 | D:2      | Reached ** piety under Lugonu
  1982 | D:2      | Noticed Terence
  1989 | D:2      | Killed Terence
  2142 | D:3      | Noticed Fiskpinne's ghost (amateur TeAE)
  2151 | D:3      | Killed Fiskpinne's ghost
  2151 | D:3      | Gained mutation: You are slightly more attuned to the shadows. [demonic ancestry]
  2151 | D:3      | Reached XP level 5. HP: 37/42 MP: 7/7
  2544 | D:3      | Found a radiant altar of Vehumet.
  2587 | D:3      | Found an opulent altar of Gozag.
  2731 | D:3      | Found a deep blue altar of Sif Muna.
  2832 | D:3      | Found an iron altar of Okawaru.
  2833 | D:3      | Found an ancient bone altar of Kikubaaqudgha.
  3080 | D:4      | Noticed Fiskpinne's ghost (amateur TeFE)
  3096 | D:4      | Killed Fiskpinne's ghost
  3096 | D:4      | Reached XP level 6. HP: 24/49 MP: 8/8
  3776 | D:4      | Reached XP level 7. HP: 14/55 MP: 10/10
  4068 | D:4      | You fall through a shaft for 2 floors!
  4075 | D:5      | Entered Level 5 of the Dungeon
  4116 | D:5      | Gained mutation: You are clumsy. (Dex -2) [potion of mutation]
  4116 | D:5      | Gained mutation: You occasionally shout uncontrollably at your foes. [potion of mutation]
  4116 | D:5      | Gained mutation: Your flesh is cold resistant. [potion of mutation]
  4498 | D:5      | Noticed Sabitsuki's ghost (novice TrCK)
  4784 | D:5      | Found a staircase to the Ecumenical Temple.
  4805 | D:5      | Reached skill level 5 in Fighting
  5125 | D:6      | Reached *** piety under Lugonu
  5366 | D:7      | Gained mutation: You are partially covered in thin metallic scales (AC +2). [demonic ancestry]
  5366 | D:7      | Reached XP level 8. HP: 5/62 MP: 11/11
  5874 | D:6      | Reached skill level 5 in Armour
  5874 | D:6      | Reached skill level 5 in Invocations
  5987 | D:6      | Killed from afar by an electric eel

Skill      XL: |  1  2  3  4  5  6  7  8 |
---------------+-------------------------+-----
Dodging        | 1 2 |  2.6
Polearms       | 1 2 3 4 |  4.5
Armour         | 2 3 4 5 |  5.0
Invocations    | 3 4 5 |  5.0
Fighting       | 4 5 |  5.1
Axes           | |  1.9
Throwing       | |  0.3

Action                   |  1- 3 |  4- 6 |  7- 9 || total
-------------------------+-------+-------+-------++-------
Melee: Glaive            |   112 |   164 |   113 ||   389
       Headbutt          |    12 |    29 |    12 ||    53
Throw: Tomahawk          |       |       |     9 ||     9
Invok: Depart the Abyss  |     1 |       |       ||     1
  Use: Scroll            |     5 |     8 |     1 ||    14
       Potion            |       |     6 |     5 ||    11
 Stab: Sleeping          |     1 |       |       ||     1
       Invisible         |       |     2 |       ||     2
  Eat: Chunk             |     1 |     9 |     6 ||    16
Armor: Leather armour    |    29 |       |       ||    29
       Chain mail        |    70 |   138 |    88 ||   296
Dodge: Dodged            |    83 |    80 |    53 ||   216
